Workbook
Name ASIGNACIÓN: 'TABLAS VALORACIÓN'!$H$27:$H$28
Name CLASE: 'TABLAS VALORACIÓN'!$C$27:$C$28
Name ETAPA: 'TABLAS VALORACIÓN'!#REF!
Name FUENTE: 'TABLAS VALORACIÓN'!$D$27:$D$28
Name IMPACTO: 'TABLAS VALORACIÓN'!$G$27:$G$31
Name PROBABILIDAD: 'TABLAS VALORACIÓN'!$F$27:$F$31
Name TIPO: 'TABLAS VALORACIÓN'!#REF!

Sheet TABLAS VALORACIÓN
A1: TABLAS PARA VALORACIÓN DE RIESGO SEGÚN METODOLOGÍA CCE - No imprimir
B3: Clase del Riesgo | C3: Descripción | F3: Etapa del proceso | G3: Desde | H3: Hasta | I3: Descrición | N3: Tipo de riesgo | O3: Descripción
B4: General | C4: Es un Riesgo de todos los Procesos de Contratación adelantados por la Entidad Estatal, por lo cual está presente en toda su actividad contractual. | F4: Planeación | G4: Plan anual de adquisición | H4: Acto de Apertura del Proceso de Contratación | I4: Durante esta estapa, la Entidad elabora los estudios previos y el proyecto de pliegos de condiciones o sus equivalentes. Dentro de las preguntas que la Entidad Estatal debe hacerse para identificar los Riesgos de la etapa de planeación se encuentran las siguientes: (i) La modalidad de contratación es adecuada para el bien servicio u obra necesitado. (ii) Los requisitos habilitantes son los apropiados para el Proceso de Contratación y es posible encontrar proponentes que los cumplan incluyendo los Riesgos relacionados con la habilidad para determinar requisitos habilitantes consistentes con el Proceso de Contratación y con el sector económico en el que actúan los posibles oferentes. (iii) El valor del contrato corresponde a los precios del mercado. (iv) La descripción del bien o servicio requerido es claro. (v) El Proceso de Contratación cuenta con las condiciones que garanticen la transparencia, equidad y competencia entre los proponentes. (vi) El estudio de mercado permite identificar los aspectos de oferta y demanda del mercado respectivo. (vii) El diseño del Proceso de Contratación permite satisfacer las necesidades de la Entidad Estatal, cumplir su misión y si es coherente con el cumplimiento de sus objetivos y metas. | N4: Riesgos Económicos: | O4: Son los derivados del comportamiento del mercado, tales como la fluctuación de los precios de los insumos, desabastecimiento y especulación de los mismos, entre otros.
B5: Específico | C5: Es un Riesgo propio del Proceso de Contratación objeto de análisis. | N5: Riesgos Sociales o Políticos | O5: Son los derivados de los cambios de las políticas gubernamentales y de cambios en las condiciones sociales que tengan impacto en la ejecución del contrato.
N6: Riesgos Operacionales | O6: Son los asociados a la operatividad del contrato, tales como la suficiencia del presupuesto oficial, del plazo o los derivados de procesos, procedimientos, parámetros, sistemas de información y tecnológicos, equipos humanos o técnicos inadecuados o insuficientes.
B7: Fuente del Riesgo | C7: Descripción | F7: Selección | G7: Acto de Apertura del Proceso de Contratación | H7: Adjudicación o la declaración de desierto del Proceso de Contratación | I7: En la etapa de selección la Entidad Estatal selecciona al contratista. En esta etapa los Riesgos frecuentes son los siguientes: (i) Falta de capacidad de la Entidad Estatal para promover y adelantar la selección del contratista, incluyendo el riesgo de seleccionar aquellos que no cumplan con la totalidad de los requisitos habilitantes o se encuentren incursos en alguna inhabilidad o incompatibilidad. (ii) Riesgo de colusión. (iii) Riesgo de ofertas artificialmente bajas. | N7: Riesgos Financieros: | O7: Son (i) el riesgo de consecución de financiación o riesgo de liquidez para obtener recursos para cumplir con el objeto del contrato, y (ii) el riesgo de las condiciones financieras establecidas para la obtención de los recursos, tales como plazos, tasas, garantías, contragarantías, y refinanciaciones, entre otros. | AA7: w
B8: Interno | C8: Es un Riesgo asociado a la operación, capacidad, o situación particular de la Entidad Estatal (reputacional, tecnológico). | F8: Contratación | G8: Adjudicación del contrato objeto del proceso de contratación | H8: Perfeccionamiento | I8: En esta etapa los Riesgos frecuentes son los siguientes: (i) Riesgo de que no se firme el contrato. (ii) Riesgo de que no se presenten las garantías requeridas en los Documentos del Proceso de Contratación o que su presentación sea tardía. (iii) Riesgos asociados al incumplimiento de la publicación o el registro presupuestal del contrato. (iv) Riesgos asociados a los reclamos de terceros sobre la selección del oferente que retrasen el perfeccionamiento del contrato. | N8: Riesgos Regulatorios | O8: Derivados de cambios regulatorios o reglamentarios que afecten la ecuación económica del contrato.
B9: Externo | C9: Es un Riesgo del sector del objeto del Proceso de Contratación, o asociado a asuntos no referidos a la Entidad Estatal (desastres económicos, existencia de monopolios, circunstancias electorales). | F9: Ejecución | G9: Perfeccionamiento | H9: Vencimiento del plazo o acta de liquidación | I9: Esta etapa puede extenderse cuando hay lugar a garantías de calidad, estabilidad y mantenimiento, o a condiciones de disposición final o recuperación ambiental de las obras o bienes. En esta etapa se cumplen con las obligaciones previstas en el contrato, permitiendo el logro del objeto del Proceso de Contratación; en consecuencia los Riesgos frecuentes son los asociados al cumplimiento del contrato y el logro del objeto propuesto, el rompimiento del equilibrio económico del contrato, los asociados a la liquidación y terminación del contrato y aquellos relacionados con el incumplimiento de la normativa posconsumo. | N9: Riesgos de la Naturaleza: | O9: Son los eventos naturales previsibles en los cuales no hay intervención humana que puedan tener impacto en la ejecución del contrato, por ejemplo los temblores, inundaciones, lluvias, sequías, entre otros.
N10: Riesgos Ambientales: | O10: Son los derivados de las obligaciones legales o reglamentarias de carácter ambiental, así como de las licencias, planes de manejo o de permisos y autorizaciones ambientales, incluyendo tasas retributivas y compensatorias, obligaciones de mitigación, tareas de monitoreo y control, entre otras.
N12: Riesgos Tecnológicos: | O12: Son los derivados de fallas en los sistemas de comunicación de voz y de datos, suspensión de servicios públicos, nuevos desarrollos tecnológicos o estándares que deben ser tenidos en cuenta para la ejecución del contrato, obsolescencia tecnológica
C14: Probabilidad del Riesgo | F14: Impacto del riesgo | O14: Impacto | X14: Categoría del riesgo
C15: Categoría | D15: Valoración | F15: Impacto | O15: Clasificación Cualitativa | Q15: Obstruye la ejecución del contrato de manera intrascendente. | R15: Dificulta la ejecución del contrato de manera baja. Aplicando medidas mínimas se puede lograr el objeto contractual. | S15: Afecta la ejecución del contrato sin alterar el beneficio de las partes. | T15: Obstruye la ejecución del contrato sustancialmente per aun así permite la consecución del objeto contractual. | U15: Perturba la ejecución del contrato de manera grave imposibilitando la consecución del objeto contractual. | X15: Valoración del riesgo | Y15: Categoría
B16: Probabilidad | C16: Raro (puede ocurrir excepcionalmente) | D16: 1 | F16: Clasificación Cualitativa | H16: Obstruye la ejecución del contrato de manera intrascendente. | I16: Dificulta la ejecución del contrato de manera baja. Aplicando medidas mínimas se puede lograr el objeto contractual. | J16: Afecta la ejecución del contrato sin alterar el beneficio de las partes. | K16: Obstruye la ejecución del contrato sustancialmente per aun así permite la consecución del objeto contractual. | L16: Perturba la ejecución del contrato de manera grave imposibilitando la consecución del objeto contractual. | O16: Clasificación Monetaria | Q16: Los sobrecostos no representan mpas del uno por ciento (1%) del valor del contrato. | R16: Los sobrecostos no representan más del cinco por ciento (5%) del valor del contrato. | S16: Genera un impacto sobre el valor del contrato entre el cinco (5%) y el quince por ciento (15%). | T16: Incrementa el valor del contrato entre el quince (15%) y el treinta por ciento (30%). | U16: Impacto sobre el valor del contrato de más del treinta por ciento (30%). | X16: 8,9,10 | Y16: Riesgo Extremo
C17: Improbable (puede ocurrir ocasionalmente) | D17: 2 | F17: Clasificación Monetaria | H17: Los sobrecostos no representan mpas del uno por ciento (1%) del valor del contrato. | I17: Los sobrecostos no representan más del cinco por ciento (5%) del valor del contrato. | J17: Genera un impacto sobre el valor del contrato entre el cinco (5%) y el quince por ciento (15%). | K17: Incrementa el valor del contrato entre el quince (15%) y el treinta por ciento (30%). | L17: Impacto sobre el valor del contrato de más del treinta por ciento (30%). | O17: Categoría | P17: Valoración | Q17: Insignificante | R17: Menor | S17: Moderado | T17: Mayor | U17: Catastrófico | X17: 6 Y 7 | Y17: Riesgo Alto
C18: Posible (puede ocurrir en cualquier momento futuro) | D18: 3 | F18: Categoría | G18: Valoración | H18: Insignificante | I18: Menor | J18: Moderado | K18: Mayor | L18: Catastrófico | Q18: 1 | R18: 2 | S18: 3 | T18: 4 | U18: 5 | X18: 5 | Y18: Riesgo Medio
C19: Probable (probablemente va a ocurrir) | D19: 4 | H19: 1 | I19: 2 | J19: 3 | K19: 4 | L19: 5 | N19: Probabilidad | O19: Raro (puede ocurrir excepcionalmente) | P19: 1 | Q19: 2 | R19: 3 | S19: 4 | T19: 5 | U19: 6 | X19: 2,3 Y 4 | Y19: Riesgo Bajo
C20: Casi cierto (ocurre en la mayoría de circunstancias) | D20: 5 | O20: Improbable (puede ocurrir ocasionalmente) | P20: 2 | Q20: 3 | R20: 4 | S20: 5 | T20: 6 | U20: 7
O21: Posible (puede ocurrir en cualquier momento futuro) | P21: 3 | Q21: 4 | R21: 5 | S21: 6 | T21: 7 | U21: 8 | X21: ¿Afecta la ejecución del contrato? | Y21: Responsable por implementar el tratamiento
B22: Fuente: Agencia Nacional para la Contratación Pública – Colombia Compra Eficiente, http://www.colombiacompra.gov.co/es/manuales-y-documentos-tipo, disponible en internet, fecha de consulta 23 de enero de 2016. | O22: Probable (probablemente va a ocurrir) | P22: 4 | Q22: 5 | R22: 6 | S22: 7 | T22: 8 | U22: 9 | X22: Si | Y22: MinIgualdad
O23: Casi cierto (ocurre en la mayoría de circunstancias) | P23: 5 | Q23: 6 | R23: 7 | S23: 8 | T23: 9 | U23: 10 | X23: No | Y23: Contratista
Y24: MinIgualdad y Contratista
C26: CLASE | D26: FUENTE | F26: PROBABILIDAD | G26: IMPACTO | H26: ¿A quién se le asigna?
C27: General | D27: Interno | F27: 1=Raro | G27: 1= Insignificante | H27: ICBF
C28: Específico | D28: Externo | F28: 2=Improbable | G28: 2= Menor | H28: Contratista
F29: 3=Posible | G29: 3= Moderado
F30: 4=Probable | G30: 4= Mayor
F31: 5=Casi cierto | G31: 5= Catastrófico
C33: ETAPA | D33: TIPO
C34: Planeación | D34: Riesgos Económicos
C35: Selección | D35: Riesgos Sociales o Políticos
C36: Contratación | D36: Riesgos Operacionales
C37: Ejecución | D37: Riesgos Financieros
D38: Riesgos Regulatorios
D39: Riesgos de la Naturaleza
D40: Riesgos Ambientales
D41: Riesgos Tecnológicos

Sheet Matriz de Riesgo
B3: Ministerio de Igualdad y Equidad | W3: PÁGINA: 1 DE 1
B4: Proceso: Gestión de Contratación | W4: CÓD: SCO-AC-FO-001
B5: Formato: Matriz de Riesgo | W5: V1 | X5: 45398
B7: Elaborado de conformidad con la metodología propuesta por la Agencia Nacional para la Contratación Pública – Colombia Compra Eficiente, detallada en el “Manual para la Identificación y Cobertura del Riesgo en los Proceso de Contratación", fuente: http://www.colombiacompra.gov.co/es/manuales-y-documentos-tipo, disponible en internet, fecha de consulta 23 de enero de 2016.
B8: No. | C8: Clase | D8: Fuente | E8: Etapa | F8: Tipo | G8: Descripción (Qué puede pasar y, cómo puede ocurrir) | H8: Consecuencia de la ocurrencia del evento | I8: Probabilidad | J8: Impacto | K8: Valoración del riesgo | L8: Categoría | M8: ¿A quién se le asigna? | N8: Tratamiento/Controles a ser implementados | O8: Impacto después del tratamiento | S8: ¿Afecta la ejecución del contrato? | T8: Responsable por implementar el tratamiento | U8: A partir de cuando se inicia el tratamiento | V8: Cuando se completa el tratamiento | W8: Monitoreo y revisión
O9: Probabilidad | P9: Impacto | Q9: Valoración del riesgo | R9: Categoría | W9: ¿Cómo se realiza el monitoreo? | X9: Periodicidad
B10: Numeración consecutiva desde 1 | C10: Seleccionar de lista desplegable | D10: Seleccionar de lista desplegable | E10: Seleccionar de lista desplegable | F10: Seleccionar de lista desplegable | G10: Digitar | H10: Digitar | I10: Seleccionar de lista desplegable | J10: Seleccionar de lista desplegable | K10: Formulado, no modificar | L10: Formulado, no modificar | M10: Seleccionar de lista desplegable | N10: Digitar | O10: Seleccionar de lista desplegable | P10: Seleccionar de lista desplegable | Q10: Formulado, no modificar | R10: Formulado, no modificar | S10: Seleccionar de lista desplegable | T10: Seleccionar de lista desplegable | U10: Digitar | V10: Digitar | W10: Digitar | X10: Digitar
B11: 1 | C11: General | D11: Externo | E11: Ejecución | F11: Riesgos Regulatorios | G11: Riesgo de modificación de la legislación tributaria que incremente los costos operativos del contrato | H11: Incremento para el contratista en los costos de operación que afecte el porcentaje de comisión a establecer | I11: 2=Improbable | J11: 2= Menor | K11: =IFERROR(MID(I11,1,1)+MID(J11,1,1),"") -> 4 | L11: =IF(K11="","",IF(OR(K11=2,K11=3,K11=4),'TABLAS VALORACIÓN'!$Y$19,IF(K11=5,'TABLAS VALORACIÓN'!$Y$18,IF(OR(K11=6,K11=7),'TABLAS VALORACIÓN'!$Y$17,IF(OR(K11=8,K11=9,K11=10),'TABLAS VALORACIÓN'!$Y$16))))) -> Riesgo Bajo | M11: MinIgualdad y Contratista | N11: Mantenimiento de canales efectivos de comunicación con el fin de agilizar la suscripción de la Aceptación de la propuesta | O11: 1=Raro | P11: 1= Insignificante | Q11: =IFERROR(MID(O11,1,1)+MID(P11,1,1),"") -> 2 | R11: =IF(Q11="","",IF(OR(Q11=2,Q11=3,Q11=4),'TABLAS VALORACIÓN'!$Y$19,IF(Q11=5,'TABLAS VALORACIÓN'!$Y$18,IF(OR(Q11=6,Q11=7),'TABLAS VALORACIÓN'!$Y$17,IF(OR(Q11=8,Q11=9,Q11=10),'TABLAS VALORACIÓN'!$Y$16))))) -> Riesgo Bajo | S11: Si | T11: MinIgualdad | U11: Antes de la celebración del contrato | V11: Hasta la liquidación del contrato | W11: Control de tiempos,calidad de los estudios previos y completitud de los mismos. | X11: Durante la etapa de la convocatoria
B12: 2 | C12: General | D12: Interno | E12: Planeación | F12: Riesgos Operacionales | G12: NO SUSCRIPCIÓN DE LA ACEPTACION DE LA PROPUESTA, POR PARTE DE ALGUNA DE LAS PARTES | H12: NO SUSCRIPCIÓN DE LA ACEPTACIÓN DE LA PROPUESTA, AFECTANDO LA PRESTACIÓN DEL SERVICIO | I12: 3=Posible | J12: 1= Insignificante | K12: =IFERROR(MID(I12,1,1)+MID(J12,1,1),"") -> 4 | L12: =IF(K12="","",IF(OR(K12=2,K12=3,K12=4),'TABLAS VALORACIÓN'!$Y$19,IF(K12=5,'TABLAS VALORACIÓN'!$Y$18,IF(OR(K12=6,K12=7),'TABLAS VALORACIÓN'!$Y$17,IF(OR(K12=8,K12=9,K12=10),'TABLAS VALORACIÓN'!$Y$16))))) -> Riesgo Bajo | M12: MinIgualdad | N12: Entrega por parte de los proponentes del "Certificado de participación independiente" | O12: 1=Raro | P12: 3= Moderado | Q12: =IFERROR(MID(O12,1,1)+MID(P12,1,1),"") -> 4 | R12: =IF(Q12="","",IF(OR(Q12=2,Q12=3,Q12=4),'TABLAS VALORACIÓN'!$Y$19,IF(Q12=5,'TABLAS VALORACIÓN'!$Y$18,IF(OR(Q12=6,Q12=7),'TABLAS VALORACIÓN'!$Y$17,IF(OR(Q12=8,Q12=9,Q12=10),'TABLAS VALORACIÓN'!$Y$16))))) -> Riesgo Bajo | S12: (NO) al estar el proceso en la etapa de selección. | T12: Dirección de Contratación | U12: Desde la apertura del proceso. | V12: Hasta la fecha de la firma del contrato. | W12: Seguimiento por parte del comité evaluador. Seguimiento por parte de la Dirección de Contratación. | X12: En el periodo de la etapa de selección.
B13: 3 | C13: General | D13: Externo | E13: Ejecución | F13: Operacional | G13: Eventos de la naturaleza fuera del control de las partes que impiden continuar con la ejecución del contrato temporal o definitivamente | H13: Suspensión de la ejecución del objeto contractual | I13: 2=Improbable | J13: 2= Menor | K13: =IFERROR(MID(I13,1,1)+MID(J13,1,1),"") -> 4 | L13: =IF(K13="","",IF(OR(K13=2,K13=3,K13=4),'TABLAS VALORACIÓN'!$Y$19,IF(K13=5,'TABLAS VALORACIÓN'!$Y$18,IF(OR(K13=6,K13=7),'TABLAS VALORACIÓN'!$Y$17,IF(OR(K13=8,K13=9,K13=10),'TABLAS VALORACIÓN'!$Y$16))))) -> Riesgo Bajo | M13: MinIgualdad y Contratista | N13: Reducir las consecuencias a través de planes de contingencia y mitigacion | O13: 2=Improbable | P13: 2= Menor | Q13: =IFERROR(MID(O13,1,1)+MID(P13,1,1),"") -> 4 | R13: =IF(Q13="","",IF(OR(Q13=2,Q13=3,Q13=4),'TABLAS VALORACIÓN'!$Y$19,IF(Q13=5,'TABLAS VALORACIÓN'!$Y$18,IF(OR(Q13=6,Q13=7),'TABLAS VALORACIÓN'!$Y$17,IF(OR(Q13=8,Q13=9,Q13=10),'TABLAS VALORACIÓN'!$Y$16))))) -> Riesgo Bajo | S13: Si | T13: Supervisor del contrato | U13: Desde el inicio de ejecución del contrato | V13: Hasta la liquidación del contrato | W13: Informe del Contratista | X13: En la ocurrencia del hecho
B14: 4 | C14: Específico | D14: Externo | E14: Ejecución | F14: Riesgos Sociales o Políticos | G14: No realización de un requerimiento por caso fortuito o fuerza mayor | H14: Suspensión de la ejecución del objeto contractual | I14: 2=Improbable | J14: 2= Menor | K14: 4 | L14: =IF(K14="","",IF(OR(K14=2,K14=3,K14=4),'TABLAS VALORACIÓN'!$Y$19,IF(K14=5,'TABLAS VALORACIÓN'!$Y$18,IF(OR(K14=6,K14=7),'TABLAS VALORACIÓN'!$Y$17,IF(OR(K14=8,K14=9,K14=10),'TABLAS VALORACIÓN'!$Y$16))))) -> Riesgo Bajo | M14: MinIgualdad | N14: Reducir las consecuencias a través de planes de contingencia y mitigacion | O14: 2=Improbable | P14: 2= Menor | Q14: 4 | R14: =IF(Q14="","",IF(OR(Q14=2,Q14=3,Q14=4),'TABLAS VALORACIÓN'!$Y$19,IF(Q14=5,'TABLAS VALORACIÓN'!$Y$18,IF(OR(Q14=6,Q14=7),'TABLAS VALORACIÓN'!$Y$17,IF(OR(Q14=8,Q14=9,Q14=10),'TABLAS VALORACIÓN'!$Y$16))))) -> Riesgo Bajo | S14: Si | T14: Supervisor del contrato | U14: Desde el inicio de ejecución del contrato | V14: Hasta la liquidación del contrato | W14: Informe del Contratista | X14: En la ocurrencia del hecho
B15: 5 | C15: Específico | D15: Externo | E15: Ejecución | F15: Riesgos Sociales o Políticos | G15: Imposibilidad de acceso del contratista y de su personal a los lugares de realización de los requerimientos, por razones ajenas a su voluntad | H15: Suspensión de la ejecución del objeto contractual | I15: 2=Improbable | J15: 2= Menor | K15: =IFERROR(MID(I15,1,1)+MID(J15,1,1),"") -> 4 | L15: =IF(K15="","",IF(OR(K15=2,K15=3,K15=4),'TABLAS VALORACIÓN'!$Y$19,IF(K15=5,'TABLAS VALORACIÓN'!$Y$18,IF(OR(K15=6,K15=7),'TABLAS VALORACIÓN'!$Y$17,IF(OR(K15=8,K15=9,K15=10),'TABLAS VALORACIÓN'!$Y$16))))) -> Riesgo Bajo | M15: MinIgualdad y Contratista | N15: Reducir las consecunecias a través de planes de contingencia y mitigacion | O15: 2=Improbable | P15: 2= Menor | Q15: =IFERROR(MID(O15,1,1)+MID(P15,1,1),"") -> 4 | R15: =IF(Q15="","",IF(OR(Q15=2,Q15=3,Q15=4),'TABLAS VALORACIÓN'!$Y$19,IF(Q15=5,'TABLAS VALORACIÓN'!$Y$18,IF(OR(Q15=6,Q15=7),'TABLAS VALORACIÓN'!$Y$17,IF(OR(Q15=8,Q15=9,Q15=10),'TABLAS VALORACIÓN'!$Y$16))))) -> Riesgo Bajo | S15: Si | T15: Supervisor del contrato | U15: Desde el inicio de ejecución del contrato | V15: Hasta la liquidación del contrato | W15: Informe del Contratista | X15: En la ocurrencia del hecho
B16: 6 | C16: General | D16: Externo | E16: Contratación | F16: Riesgos Financieros | G16: Riesgo que no se presenten las garantías requeridas o que su presentación sea tardía | H16: Demora en la ejecucion del contrato | I16: 3=Posible | J16: 4= Mayor | K16: =IFERROR(MID(I16,1,1)+MID(J16,1,1),"") -> 7 | L16: =IF(K16="","",IF(OR(K16=2,K16=3,K16=4),'TABLAS VALORACIÓN'!$Y$19,IF(K16=5,'TABLAS VALORACIÓN'!$Y$18,IF(OR(K16=6,K16=7),'TABLAS VALORACIÓN'!$Y$17,IF(OR(K16=8,K16=9,K16=10),'TABLAS VALORACIÓN'!$Y$16))))) -> Riesgo Alto | M16: Contratista | N16: Seguimiento al cronograma del proceso de contratacion | O16: 3=Posible | P16: 2= Menor | Q16: =IFERROR(MID(O16,1,1)+MID(P16,1,1),"") -> 5 | R16: =IF(Q16="","",IF(OR(Q16=2,Q16=3,Q16=4),'TABLAS VALORACIÓN'!$Y$19,IF(Q16=5,'TABLAS VALORACIÓN'!$Y$18,IF(OR(Q16=6,Q16=7),'TABLAS VALORACIÓN'!$Y$17,IF(OR(Q16=8,Q16=9,Q16=10),'TABLAS VALORACIÓN'!$Y$16))))) -> Riesgo Medio | S16: Si | T16: MinIgualdad y Contratista | U16: Cada que se presente. | V16: Cada que se presente | W16: Informe del Contratista | X16: Permanente, durante el periodo de ejecución del contrato.
B17: 7 | C17: General | D17: Externo | E17: Ejecución | F17: Riesgos Operacionales | G17: Paros huelgas y actos terroristas y/o vandálicos | H17: Retrasos en ejecución contractual | I17: 2=Improbable | J17: 2= Menor | K17: =IFERROR(MID(I17,1,1)+MID(J17,1,1),"") -> 4 | L17: =IF(K17="","",IF(OR(K17=2,K17=3,K17=4),'TABLAS VALORACIÓN'!$Y$19,IF(K17=5,'TABLAS VALORACIÓN'!$Y$18,IF(OR(K17=6,K17=7),'TABLAS VALORACIÓN'!$Y$17,IF(OR(K17=8,K17=9,K17=10),'TABLAS VALORACIÓN'!$Y$16))))) -> Riesgo Bajo | M17: MinIgualdad y Contratista | N17: Las partes de mutuo acuerdo pactarán la forma de retomar el equilibrio contractual a fin de no generar perjuicio para las partes | O17: 1=Raro | P17: 2= Menor | Q17: =IFERROR(MID(O17,1,1)+MID(P17,1,1),"") -> 3 | R17: =IF(Q17="","",IF(OR(Q17=2,Q17=3,Q17=4),'TABLAS VALORACIÓN'!$Y$19,IF(Q17=5,'TABLAS VALORACIÓN'!$Y$18,IF(OR(Q17=6,Q17=7),'TABLAS VALORACIÓN'!$Y$17,IF(OR(Q17=8,Q17=9,Q17=10),'TABLAS VALORACIÓN'!$Y$16))))) -> Riesgo Bajo | S17: Si | T17: Supervisor del contrato | U17: Desde el inicio de ejecución del contrato | V17: Hasta la liquidación del contrato | W17: Informe del Contratista | X17: Permanente, durante el periodo de ejecución del contrato.
B18: 8 | C18: General | D18: Externo | E18: Ejecución | F18: Riesgos Operacionales | G18: Riesgo por mala calidad de los insumos | H18: Retrasos en ejecución contractual | I18: 3=Posible | J18: 3= Moderado | K18: =IFERROR(MID(I18,1,1)+MID(J18,1,1),"") -> 6 | L18: =IF(K18="","",IF(OR(K18=2,K18=3,K18=4),'TABLAS VALORACIÓN'!$Y$19,IF(K18=5,'TABLAS VALORACIÓN'!$Y$18,IF(OR(K18=6,K18=7),'TABLAS VALORACIÓN'!$Y$17,IF(OR(K18=8,K18=9,K18=10),'TABLAS VALORACIÓN'!$Y$16))))) -> Riesgo Alto | M18: MinIgualdad y Contratista | N18: Las partes de mutuo acuerdo pactarán la forma de retomar el equilibrio contractual a fin de no generar perjuicio para las partes | O18: 2=Improbable | P18: 2= Menor | Q18: =IFERROR(MID(O18,1,1)+MID(P18,1,1),"") -> 4 | R18: =IF(Q18="","",IF(OR(Q18=2,Q18=3,Q18=4),'TABLAS VALORACIÓN'!$Y$19,IF(Q18=5,'TABLAS VALORACIÓN'!$Y$18,IF(OR(Q18=6,Q18=7),'TABLAS VALORACIÓN'!$Y$17,IF(OR(Q18=8,Q18=9,Q18=10),'TABLAS VALORACIÓN'!$Y$16))))) -> Riesgo Bajo | S18: Si | T18: Supervisor del contrato | U18: Desde el inicio de ejecución del contrato | V18: Hasta la liquidación del contrato | W18: Informe del Contratista | X18: Permanente, durante el periodo de ejecución del contrato.
